[Event "2026 Biel Blitz Open"]
[Site "Biel, CH"]
[Date "2026.07.19"]
[Round "13"]
[White "Ragios, Konstantinos"]
[Black "King, Alexander"]
[Result "1-0"]
[Board "41"]
[TimeControl "180+2"]
[WhiteFideId "4210484"]
[BlackFideId "1352334"]
[WhiteElo "1957"]
[BlackElo "1854"]
[WhiteClock "0:00:13"]
[BlackClock "0:00:09"]
[Variant "Standard"]
[EndDate "2026.07.19"]
[EndTime "16:26:43"]

1. e4 c6 2. Nf3 d5 3. Nc3 Nf6 4. exd5 cxd5 5. Bb5+ Nc6 6. d4 Bg4 7. h3 Bxf3 8. Qxf3 e6 9. Bg5 Be7 10. Bxc6+ bxc6 11. Qd3 Rb8 12. Rb1 O-O 13. O-O h6 14. Bh4 Qa5 15. b3 Rfc8 16. Na4 Qb5 17. Rfd1 Qxd3 18. Rxd3 Rb4 19. Re1 c5 20. Bxf6 gxf6 21. c3 Rb7 22. dxc5 Bxc5 23. Nxc5 Rxc5 24. Ree3 Ra5 25. Rd2 Ra3 26. Rc2 Rc7 27. Rd3 Kf8 28. Kf1 Ke7 29. Ke2 f5 30. Kd2 Rc8 31. Kc1 Rg8 32. g3 Ra6 33. Kb2 Rb6 34. Re2 a5 35. Rxd5 a4 36. Rxf5 axb3 37. axb3 Rgb8 38. b4 Ra8 39. Rfe5 Rba6 40. Kc2 f6 41. R5e4 e5 42. f4 Ra2+ 43. Kd3 Rd8+ 44. Kc4 Rxe2 45. Rxe2 Ke6 46. fxe5 fxe5 47. b5 Rc8+ 48. Kb4 Kd5 49. g4 Rc4+ 50. Kb3 Rc5 51. Rd2+ Ke4 52. c4 Ke3 53. Rd5 1-0

[Event "2026 Biel Blitz Open"]
[Site "Biel, CH"]
[Date "2026.07.19"]
[Round "13"]
[White "Kutonov, Yehor"]
[Black "Jud, Marc"]
[Result "1-0"]
[Board "42"]
[TimeControl "180+2"]
[WhiteFideId "1364804"]
[BlackFideId "1309099"]
[WhiteElo "1805"]
[BlackElo "1946"]
[WhiteClock "0:00:23"]
[BlackClock "0:00:07"]
[Variant "Standard"]
[EndDate "2026.07.19"]
[EndTime "16:20:02"]

1. d4 d5 2. c4 e6 3. Nc3 Nf6 4. cxd5 exd5 5. Bg5 c6 6. e3 Be7 7. Bd3 h6 8. Bh4 O-O 9. Nge2 Re8 10. f3 b6 11. Bf2 Bb7 12. h3 c5 13. O-O c4 14. Bb1 a6 15. e4 b5 16. e5 Nfd7 17. a3 Nf8 18. f4 f6 19. Kh1 Nbd7 20. Qc2 Bc6 21. g4 a5 22. Rg1 b4 23. Nd1 Rb8 24. Ne3 fxe5 25. fxe5 Bg5 26. Nf5 g6 27. Ne3 Nxe5 28. dxe5 d4+ 29. Ng2 Rxe5 30. Qxc4+ Bd5 31. Qd3 Be4 32. Qxd4 Bxg2+ 33. Rxg2 Rxe2 34. Ba2+ Kh7 35. Qa7+ Re7 36. Qc5 bxa3 37. bxa3 Rc7 38. Qe5 Qe7 39. Qd4 Bf6 40. Qd1 Bxa1 41. Qxa1 Qg7 42. Bd4 Qd7 43. Rf2 Ne6 44. Be5 Qc6+ 45. Kh2 Rbb7 46. Bxc7 Rxc7 47. Qe1 Qd6+ 48. Kg1 Qb6 49. Qxe6 Rc1+ 50. Kh2 Qc7+ 51. Kg2 Qb7+ 52. Bd5 1-0

[Event "2026 Biel Blitz Open"]
[Site "Biel, CH"]
[Date "2026.07.19"]
[Round "13"]
[White "Vedant Nayudu"]
[Black "Delion, Helge"]
[Result "0-1"]
[Board "43"]
[TimeControl "180+2"]
[WhiteFideId "33369780"]
[BlackFideId "12914568"]
[WhiteElo "1732"]
[BlackElo "1911"]
[WhiteClock "0:00:13"]
[BlackClock "0:00:40"]
[Variant "Standard"]
[EndDate "2026.07.19"]
[EndTime "16:22:33"]

1. e4 e5 2. Nf3 Nc6 3. Bc4 Nf6 4. d4 exd4 5. O-O Bc5 6. e5 d5 7. exf6 dxc4 8. fxg7 Rg8 9. Qe2+ Be6 10. Ng5 Qd5 11. Nxh7 Be7 12. Bh6 O-O-O 13. f4 Bf5 14. Ng5 d3 15. cxd3 cxd3 16. Qd2 Bf6 17. Nc3 Qc5+ 18. Kh1 Bxg7 19. Nxf7 Bxh6 20. Nxh6 Rgf8 21. Nxf5 Rxf5 22. Rad1 Qd4 0-1

[Event "2026 Biel Blitz Open"]
[Site "Biel, CH"]
[Date "2026.07.19"]
[Round "13"]
[White "Hajduk, Tomasz"]
[Black "Alexakis, Dimitrios"]
[Result "0-1"]
[Board "44"]
[TimeControl "180+2"]
[WhiteFideId "21811415"]
[BlackFideId "4200527"]
[WhiteElo "1791"]
[BlackElo "1895"]
[WhiteClock "0:01:35"]
[BlackClock "0:01:36"]
[Variant "Standard"]
[EndDate "2026.07.19"]
[EndTime "16:16:54"]

1. e4 c5 2. Nf3 d6 3. d4 cxd4 4. Nxd4 Nf6 5. Nc3 g6 6. Be3 Bg7 7. f3 O-O 8. Bc4 Nc6 9. Qd2 Bd7 10. Bb3 Rc8 11. g4 Nxd4 12. Bxd4 b5 13. h4 a5 14. Nd5 Nxd5 15. Bxd5 Bxd4 16. Qxd4 e6 17. h5 exd5 18. hxg6 fxg6 19. Qxd5+ Kg7 20. Qxd6 Rf6 21. Qd4 Be6 22. Qa7+ Qc7 23. Qe3 Qf4 24. Qa7+ Rf7 25. Qxa5 Rxc2 26. Qa3 Qd2+ 27. Kf1 Qf2# 0-1

[Event "2026 Biel Blitz Open"]
[Site "Biel, CH"]
[Date "2026.07.19"]
[Round "13"]
[White "Lupei, Denis"]
[Black "Bujes, Aurelien"]
[Result "1-0"]
[Board "45"]
[TimeControl "180+2"]
[WhiteFideId "34611231"]
[BlackFideId "1347179"]
[WhiteElo "1890"]
[BlackElo "1741"]
[WhiteClock "0:01:22"]
[BlackClock "0:01:00"]
[Variant "Standard"]
[EndDate "2026.07.19"]
[EndTime "16:19:39"]

1. e4 e5 2. Nf3 Nc6 3. Bc4 d6 4. c3 Bg4 5. h3 Bh5 6. d3 Be7 7. Nbd2 Na5 8. Bb5+ c6 9. Ba4 Nf6 10. Bc2 b6 11. Nf1 Nb7 12. Ng3 Bxf3 13. Qxf3 d5 14. Nf5 Nd6 15. Nxg7+ Kd7 16. Nf5 Nxf5 17. Qxf5+ Kd6 18. f4 dxe4 19. fxe5+ Kc7 20. exf6 Bxf6 21. Bf4+ Kb7 22. dxe4 Qe7 23. O-O-O Rhd8 24. e5 Bh8 25. Rxd8 Rxd8 26. Bg5 f6 27. Bxf6 Bxf6 28. Qxf6 Qc5 29. Qxd8 1-0

[Event "2026 Biel Blitz Open"]
[Site "Biel, CH"]
[Date "2026.07.19"]
[Round "13"]
[White "Baury, Noe"]
[Black "Materia, Mario"]
[Result "0-1"]
[Board "47"]
[TimeControl "180+2"]
[WhiteFideId "651086867"]
[BlackFideId "651082241"]
[WhiteElo "1886"]
[BlackElo "1723"]
[WhiteClock "0:00:05"]
[BlackClock "0:00:11"]
[Variant "Standard"]
[EndDate "2026.07.19"]
[EndTime "16:22:12"]

1. e4 e5 2. Nf3 Nc6 3. Bc4 Nf6 4. Ng5 d5 5. exd5 Na5 6. Bb5+ c6 7. dxc6 bxc6 8. Bd3 Nd5 9. Nf3 Bd6 10. O-O O-O 11. Re1 Re8 12. Nc3 Nf4 13. Bf1 f5 14. d4 e4 15. Ne5 Bxe5 16. dxe5 Nd5 17. Qd4 Qb6 18. Qxb6 axb6 19. Nxd5 cxd5 20. Bf4 Ba6 21. Rad1 Bxf1 22. Kxf1 Rad8 23. Be3 Nc4 24. Bd4 Nxe5 25. Bxb6 Rd7 26. Bd4 Ng4 27. h3 Ne5 28. Bxe5 Rxe5 29. Rd4 Rc7 30. c3 Rb7 31. Re2 Kf7 32. g3 g6 33. a4 Rb3 34. a5 Rb5 35. Ra4 Re7 36. b4 Rc7 37. Rc2 d4 38. c4 d3 39. Rc3 Rb8 40. a6 d2 41. Ke2 Rd8 42. Kd1 g5 43. b5 f4 44. gxf4 gxf4 45. b6 Rcd7 46. b7 Rg8 47. Rg3 fxg3 48. a7 g2 49. b8=Q g1=Q+ 50. Kc2 d1=Q+ 51. Kc3 Qd2+ 52. Kb3 Qb1+ 53. Ka3 Qda2# 0-1

[Event "2026 Biel Blitz Open"]
[Site "Biel, CH"]
[Date "2026.07.19"]
[Round "13"]
[White "Wilhelm, Serge"]
[Black "Filimonov, Arsenii"]
[Result "0-1"]
[Board "49"]
[TimeControl "180+2"]
[WhiteFideId "1305808"]
[BlackFideId "34171584"]
[WhiteElo "1923"]
[BlackElo "1735"]
[WhiteClock "0:00:04"]
[BlackClock "0:00:01"]
[Variant "Standard"]
[EndDate "2026.07.19"]
[EndTime "16:19:56"]

1. Nf3 Nf6 2. g3 g6 3. Bg2 Bg7 4. d3 O-O 5. O-O d5 6. Nbd2 c5 7. e4 dxe4 8. dxe4 Nc6 9. c3 Qc7 10. Qe2 b6 11. Re1 Nd7 12. Nf1 a5 13. a4 Ba6 14. Qc2 c4 15. Bf4 e5 16. Bd2 Nc5 17. Ne3 Nb3 18. Rad1 Ne7 19. Bc1 Qc6 20. Nd5 Rfe8 21. Be3 Nxd5 22. exd5 Qd6 23. h4 f5 24. Nd2 Nc5 25. Bf1 Nd3 26. Re2 Qxd5 27. Bg2 e4 28. Bxb6 Rab8 29. Bd4 Rxb2 30. Qxb2 Nxb2 31. Rb1 Bxd4 32. cxd4 Nxa4 33. Ra1 Nc3 34. Ree1 a4 35. Bf1 Qxd4 36. Rec1 Rb8 37. Ra3 Nd5 38. Bxc4 Bxc4 39. Nxc4 Rc8 40. Rxa4 Nb6 41. Nxb6 Rxc1+ 42. Kg2 Qxb6 0-1

[Event "2026 Biel Blitz Open"]
[Site "Biel, CH"]
[Date "2026.07.19"]
[Round "13"]
[White "Stevens, Christian"]
[Black "Chu, Wa Ching David"]
[Result "1-0"]
[Board "50"]
[TimeControl "180+2"]
[WhiteFideId "649090"]
[BlackFideId "6013180"]
[WhiteElo "1912"]
[BlackElo "1673"]
[WhiteClock "0:00:11"]
[BlackClock "0:00:16"]
[Variant "Standard"]
[EndDate "2026.07.19"]
[EndTime "16:25:58"]

1. e4 c5 2. Nc3 g6 3. g3 Nc6 4. Bg2 Bg7 5. d3 e6 6. Be3 Nd4 7. Qd2 Ne7 8. Nd1 h5 9. c3 Ndc6 10. Bxc5 d6 11. Be3 b6 12. h3 Bb7 13. f4 Qc7 14. Nf3 d5 15. Bf2 O-O-O 16. e5 Kb8 17. d4 Ba6 18. Ne3 Na5 19. b3 Nf5 20. Nxf5 exf5 21. Bf1 Bxf1 22. Kxf1 Rc8 23. Rc1 Bf8 24. Kg2 Ba3 25. Rc2 Be7 26. Kh2 Rhd8 27. Ng1 h4 28. g4 fxg4 29. hxg4 Qd7 30. Qe2 Kb7 31. Kh3 Rh8 32. Nf3 Qe6 33. Nd2 f5 34. g5 Qd7 35. b4 Nc4 36. Nxc4 Rxc4 37. e6 Qc7 38. Qe3 Bxb4 39. Be1 Rc8 40. Kg2 Bxc3 41. Bxc3 Rxc3 42. Rxc3 Qxc3 43. Qxc3 Rxc3 44. Rxh4 Re3 45. Rh7+ Ka6 46. e7 Re4 47. Kf3 Kb5 48. Rg7 Ka4 49. Rxg6 Rxe7 50. Rf6 Ka3 51. Rxf5 b5 52. Rxd5 b4 53. Ra5+ Kb2 54. f5 Kc3 55. f6 Rf7 56. d5 Kd4 57. Kf4 a6 58. Kf5 Rf8 59. g6 Rd8 60. g7 Rd7 61. Kg6 Rxd5 62. Rxd5+ Kxd5 63. f7 a5 64. f8=Q Kd4 65. g8=Q a4 66. Qd6+ Kc3 67. Qc8+ Kb2 68. Qd2+ Ka3 69. Qc4 b3 70. Qcb4# 1-0

[Event "2026 Biel Blitz Open"]
[Site "Biel, CH"]
[Date "2026.07.19"]
[Round "13"]
[White "Gireada, Lucas"]
[Black "Zumbrunn, Simon"]
[Result "0-1"]
[Board "52"]
[TimeControl "180+2"]
[WhiteFideId "1373544"]
[BlackFideId "1364146"]
[WhiteElo "1651"]
[BlackElo "1802"]
[WhiteClock "0:00:44"]
[BlackClock "0:01:09"]
[Variant "Standard"]
[EndDate "2026.07.19"]
[EndTime "16:18:46"]

1. d4 Nf6 2. c4 c5 3. d5 g6 4. Nc3 Bg7 5. e4 d6 6. h3 O-O 7. Nf3 e6 8. Bd3 exd5 9. exd5 Re8+ 10. Be3 Nbd7 11. O-O a6 12. a4 b6 13. Re1 Ne5 14. Nxe5 dxe5 15. Qc2 Bd7 16. f4 Nh5 17. fxe5 Bxe5 18. Qd2 Qh4 19. Bg5 Qg3 20. Ne4 Qh2+ 21. Kf2 Bd4+ 22. Be3 Bxh3 23. Bxd4 Qxg2+ 24. Ke3 cxd4+ 25. Kxd4 Rxe4+ 26. Rxe4 Qxd2 27. Rae1 Bf5 28. R4e3 Nf4 29. Ke5 Nxd3+ 30. Rxd3 Qxd3 31. Kf6 Qd4+ 32. Kg5 h6+ 33. Kxh6 Qh4# 0-1

[Event "2026 Biel Blitz Open"]
[Site "Biel, CH"]
[Date "2026.07.19"]
[Round "13"]
[White "Tcheau, Alain"]
[Black "Tahari, Youcef Nazim"]
[Result "1/2-1/2"]
[Board "54"]
[TimeControl "180+2"]
[WhiteFideId "1306014"]
[BlackFideId "282537"]
[WhiteElo "1777"]
[BlackElo "1691"]
[WhiteClock "0:01:05"]
[BlackClock "0:00:36"]
[Variant "Standard"]
[EndDate "2026.07.19"]
[EndTime "16:23:04"]

1. d4 Nf6 2. c3 d5 3. h3 Bf5 4. Bf4 c6 5. e3 Qb6 6. Qb3 Qxb3 7. axb3 h6 8. Nf3 e6 9. Be2 Be7 10. O-O O-O 11. Nbd2 Nbd7 12. Ne5 Nxe5 13. Bxe5 Nd7 14. Bg3 c5 15. f3 Nf6 16. Rfe1 a6 17. Bf1 Bc2 18. Rec1 Bh7 19. Re1 Bc2 20. Rac1 Bh7 21. e4 dxe4 22. fxe4 cxd4 23. cxd4 Rac8 24. Bd3 Bb4 25. Rcd1 Nd5 26. exd5 Bxd3 27. dxe6 fxe6 28. Rxe6 Rc2 29. Nc4 1/2-1/2